 Dungeon Crawl Stone Soup version 0.31-a0-1308-ga3cce3a448 (webtiles) character file.

Game seed: 3751466877224924608

137 jasper the Grave Robber (level 5, -4/46 HPs)
             Began as a Demonspawn Necromancer on Dec 19, 2023.
             Slain by a gnoll
             ... wielding a +1 spear of freezing
              (9 damage)
             ... on level 2 of the Dungeon.
             The game lasted 00:02:25 (1761 turns).

jasper the Grave Robber (Demonspawn Necromancer)    Turns: 1761, Time: 00:02:26

Health: -4/46      AC:  2    Str: 12    XL:     5   Next: 0%
Magic:  2/8        EV: 12    Int: 19    God:
Gold:   88         SH:  0    Dex: 12    Spells: 4/8 levels left

rFire   . . .        g - +1 hand axe (elec)
rCold   + . .        (no shield)
rNeg    . . .        a - +0 robe
rPois   .            (no helmet)
rElec   .            (no cloak)
rCorr   .            (no gloves)
SInv    .            (no boots)
Will    .....        (no amulet) Stlth
                     d - ring of protection from cold
HPRegen 0.27/turn    (no ring)
MPRegen 0.11/turn

%: no passive effects
@: berserking, very quick
A: powered by death 1, big brain 1, weakness stinger 1, frail 1, high MP 1,
strong 1
a: no special abilities


You were on level 2 of the Dungeon.
You visited 1 branch of the dungeon, and saw 4 of its levels.

You collected 88 gold pieces.

Inventory:

Hand Weapons
 g - a +1 hand axe of electrocution (weapon)
Missiles
 c - 30 stones
Armour
 a - a +0 robe (worn)
 i - the +1 plate armour of Guebbif {Int+3}
   (You found it on level 4 of the Dungeon)

   Int+3:     It affects your intelligence (+3).
Jewellery
 d - a ring of protection from cold (left hand)
Scrolls
 f - a scroll of teleportation
 h - 2 scrolls of noise {unknown}


   Skills:
 - Level 1.7 Dodging
 - Level 1.7 Stealth
 - Level 2.0 Spellcasting
 + Level 7.0 Necromancy


You had 4 spell levels left.
You knew the following spells:

 Your Spells              Type           Power      Damage    Failure   Level
a - Necrotise             Necr           100%       1d9       1%          1
b - Vampiric Draining     Necr           28%        2d8       2%          3

Your spell library contained the following spells:

 Spells                   Type           Power      Damage    Failure   Level
 Animate Dead             Necr           28%        N/A       10%         4
 Dazzling Flash           Conj/Hex       2%         N/A       45%         3
 Agony                    Necr           28%        N/A       26%         5
 Silence                  Hex/Air        0%         N/A       99%         5


Dungeon Overview and Level Annotations

Branches:
Dungeon (4/15)
 Temple: D:4-7

Altars:


Innate Abilities, Weirdness & Mutations

You regenerate a little health from kills.
You have an unusually large brain. (Int +2)
You have a small tail.
You are frail. (-10% HP)
You have an increased reservoir of magic. (+10% MP)
Your muscles are strong. (Str +4, Int/Dex -1)


Message History

Aim: a gnoll, wielding a +0 whip You draw life force from the gnoll!
You feel life coursing into your body. The gnoll hits you with a +0 whip.
* * * LOW HITPOINT WARNING * * *
You take 2 damage, and have 2/30 hp.
You now have 4/7 mp.
Casting: Vampiric Draining (dangerous; 2% risk of failure)
Confirm with . or Enter, or press ? or * to list all spells.
Aiming: Vampiric Draining (dangerous; 2% risk of failure)
Press: ? - help, Shift-Dir - straight line, f/p - gnoll
Aim: a gnoll, wielding a +0 whip (heavily wounded)
You draw life force from the gnoll!
You kill the gnoll!
You feel life coursing into your body.
Your magical contamination has completely faded away.
Your Necromancy skill increases to level 7!
You have reached level 5!
You regained 4 hp, and now have 6/35 hp.
You now have 1/8 mp.
It was a potion of mutation.
You feel extremely strange.
You feel more energetic.
You feel frail.
You feel stronger. The gnoll closely misses you.
Unknown command.
It was a potion of berserk rage.
A red film seems to cover your vision as you go berserk!
You feel yourself moving faster!
You feel mighty! The gnoll barely misses you.
You now have 12/46 hp.
You hit the gnoll.
The gnoll is lightly wounded.
The gnoll hits you with a +0 whip.
* * * LOW HITPOINT WARNING * * *
You take 3 damage, and have 9/46 hp.
You barely miss the gnoll.
The gnoll is lightly wounded.
The gnoll closely misses you. The gnoll hits you with a +0 whip.
* * * LOW HITPOINT WARNING * * *
You take 4 damage, and have 5/46 hp.
You slash the gnoll!
The gnoll is severely wounded.
The gnoll hits you from afar with a +1 spear of freezing!
You die...

#### #.. .
#.# ##..#
###.#g....#
#gg†gg.....
#g#.#.....#
###@#$#
##..#
#...#.. .
#.######
#.# #.# #.#
#.# #.#
##.##


You could see 3 gnolls.

Vanquished Creatures
  A phantom (D:4)
  A gnoll (D:2)
  2 adders (D:2)
  An orc (D:4)
  7 endoplasms
  3 giant cockroaches
  2 goblins
  2 hobgoblins (D:1)
  4 kobolds
  A quokka (D:1)
  3 ball pythons
  2 bats
  2 frilled lizards
  2 rats
33 creatures vanquished.

Vanquished Creatures (collateral kills)
  A frilled lizard (D:1)
1 creature vanquished.

Grand Total: 34 creatures vanquished

Notes
Turn   | Place    | Note
-------+----------+-------------------------------------------
     0 | D:1      | jasper the Demonspawn Necromancer began the quest for the
                  | Orb.
     0 | D:1      | Reached XP level 1. HP: 13/13 MP: 3/3
   262 | D:1      | Gained mutation: You have a small tail. [demonic ancestry]
   262 | D:1      | Reached XP level 2. HP: 8/19 MP: 0/5
   351 | D:1      | Reached skill level 5 in Necromancy
  1279 | D:2      | Gained mutation: You have an unusually large brain. (Int
                  | +2) [demonic ancestry]
  1279 | D:2      | Reached XP level 3. HP: 12/24 MP: 3/6
  1283 | D:2      | Learned a level 3 spell: Vampiric Draining
  1371 | D:2      | You fall into a shaft and drop 2 floors!
  1390 | D:4      | Noticed a phantom
  1398 | D:4      | Killed a phantom
  1399 | D:4      | Reached skill level 6 in Necromancy
  1399 | D:4      | Gained mutation: You regenerate a little health from kills.
                  | [demonic ancestry]
  1399 | D:4      | Reached XP level 4. HP: 27/30 MP: 7/7
  1428 | D:4      | Identified the +1 plate armour of Guebbif {Int+3}
  1757 | D:2      | Reached skill level 7 in Necromancy
  1757 | D:2      | Reached XP level 5. HP: 6/35 MP: 1/8
  1757 | D:2      | Gained mutation: You have an increased reservoir of magic.
                  | (+10% MP) [potion of mutation]
  1757 | D:2      | Gained mutation: You are frail. (-10% HP) [potion of
                  | mutation]
  1757 | D:2      | Gained mutation: Your muscles are strong. (Str +4, Int/Dex
                  | -1) [potion of mutation]
  1761 | D:2      | Slain by a gnoll

Illustrated notes

Levels and vault maps discovered:
D:1:      minmay_arrival_open_corners, layout_basic
D:2:      layout_loops_cross
D:3:      minmay_chambers_of_twos, layout_loops_ring,
          mainiacjoe_overflow_boulevard, minitemple, serial_shops,
          nicolae_shop_hallway_plus, hellmonk_ecumenical_altar_dog_temple,
          feat_on_display
D:4:      layout_cave_pods, kennysheep_little_box, kennysheep_another_room,
          uniq_grinder

Skill      XL: |  1  2  3  4 |
---------------+-------------+-----
Necromancy     | 5 6 7 |  7.0
Dodging        | |  1.7
Stealth        | |  1.7
Spellcasting   | |  2.0

Action                     |  1- 3 |  4- 6 || total
---------------------------+-------+-------++-------
  Melee: Unarmed           |     6 |       ||     6
         Hand axe          |    17 |    27 ||    44
         Tailslap          |       |     4 ||     4
   Cast: Necrotise         |    35 |       ||    35
         Vampiric Draining |       |     3 ||     3
    Use: Scroll            |     3 |       ||     3
         Potion            |       |     3 ||     3
 Armour: Robe              |    14 |    19 ||    33
  Dodge: Dodged            |    18 |    30 ||    48

Table legend: (Time is in decaauts)
 A = Elapsed time spent in this place.
 B = Non-inter-level travel time spent in this place.
 C = Inter-level travel time spent in this place.
 D = Time resting spent in this place.
 E = Time spent auto-exploring this place.
 F = Levels seen in this place.
 G = Mean time per level.
                   A        B        C        D        E       F      G
               +--------+--------+--------+--------+--------+-----+--------+
         Total |   1770 |   1770 |      0 |    100 |   1378 |   4 |  442.5 |
       Dungeon |   1770 |   1770 |      0 |    100 |   1378 |   4 |  442.5 |
               +--------+--------+--------+--------+--------+-----+--------+

Top non-repeatable levels by time:
     D:1: 1150 daAuts
     D:2: 483 daAuts
     D:4: 74 daAuts
     D:3: 62 daAuts
